 Dungeon Crawl Stone Soup version 0.28.0 (webtiles) character file.

Game seed: 3521012895371130405

68 multipassport the Insei (level 4, -6/32 HPs)
             Began as a Djinni Transmuter on Feb 12, 2022.
             Mangled by Grinder (9 damage)
             ... while paralysed by Grinder
             ... on level 3 of the Dungeon.
             The game lasted 00:05:27 (3024 turns).

multipassport the Insei (Djinni Transmuter)         Turns: 3024, Time: 00:05:28

Health: -6/32      AC:  2    Str:  9    XL:     4   Next: 41%
Gold:   73         EV:  2    Int: 16    God:
                   SH:  0    Dex: 14

rFire   + + .      SeeInvis .     - Unarmed
rCold   x . .      Faith    .   (no shield)
rNeg    . . .      Spirit   .   a - +0 robe
rPois   ∞          Reflect  .   (no helmet)
rElec   .          Harm     .   g - scarf {shadows}
rCorr   .          Rampage  .   (no gloves)
Will    .....                   (boots unavailable)
Stlth   +.........              (no amulet)
HPRegen 0.10/turn               (no ring)
MPRegen 0.00/turn               (no ring)

@: paralysed, wereblooded, flying
A: sickness immunity, fire resistance 2, cold vulnerability 1, float, innate
caster, HP casting, extra vitality 1
a: no special abilities


You were on level 3 of the Dungeon.
You visited 1 branch of the dungeon, and saw 3 of its levels.

You collected 73 gold pieces.

Inventory:

Hand Weapons
 h - the +6 quarterstaff "Giyhiap" {vorpal, rPois rC- Str+4 Int+5}
   (You found it on level 3 of the Dungeon)

   It inflicts extra damage upon your enemies.
   Str:       It affects your strength (+4).
   Int:       It affects your intelligence (+5).
   rC:        It makes you vulnerable to cold.
   rPois:     It protects you from poison.
Armour
 a - a +0 robe (worn)
 g - a scarf of shadows (worn)
Magical Staves
 f - a staff of air
Scrolls
 b - 4 scrolls of identify {unknown}
 c - a scroll of immolation {unknown}
Potions
 d - a potion of berserk rage {unknown}
 e - a potion of brilliance {unknown}
 i - a potion of ambrosia {unknown}


   Skills:
 - Level 1.4 Fighting
 - Level 2.5 Dodging
 - Level 3.4 Unarmed Combat
 + Level 2.7 Spellcasting


You couldn't memorise any spells.
You knew the following spells:

 Your Spells              Type           Power      Damage    Failure   Level
a - Beastly Appendage     Tmut           22%        N/A       6%          1
b - Wereblood             Tmut           11%        N/A       10%         2
c - Spider Form           Tmut/Pois      11%        N/A       19%         3
d - Ice Form              Ice/Tmut       11%        N/A       52%         4
e - Foxfire               Conj/Fire      44%        2x1d6     6%          1
Your spell library was empty.

Dungeon Overview and Level Annotations

Branches:
Dungeon (3/15)

Altars:

Annotations:
D:3 Grinder


Innate Abilities, Weirdness & Mutations

You are immune to sickness and miasma.
You are immune to poison.
Your flesh is very heat resistant. (rF++)
You are vulnerable to cold. (rC-)
You float through the air rather than walking.
You learn spells naturally, not from books.
Your magical power is your life essence.
You have superior vitality. (+4 MHP)


Message History

Your +0 robe melds into your body.
The dungeon's light returns to normal.
Grinder gestures at you. Pain shoots through your body!
Casting: Spider Form (quite dangerous; 38% risk of failure)
Confirm with . or Enter, or press ? or * to list all spells.
Your blood is infused with primal strength.
You hit Grinder.
Grinder is lightly wounded.
Grinder blinks!
You hit Grinder.
Grinder is lightly wounded.
Grinder closely misses you.
You hit Grinder.
Grinder is lightly wounded.
Grinder misses you.
You hit Grinder.
Grinder is poisoned.
Grinder is moderately wounded.
Your transformation is almost over.
Grinder hits you.
You writhe in agony.
You are too injured to fight recklessly!
You are too injured to fight recklessly!
You hit Grinder.
Grinder looks as sick as possible!
Grinder is moderately wounded.
You hit Grinder.
Grinder is heavily wounded.
Grinder hits you.
* * * LOW HITPOINT WARNING * * *
You writhe in agony.
* * * LOW HITPOINT WARNING * * *
You hit Grinder but do no damage.
Grinder looks as sick as possible!
Grinder is heavily wounded.
Grinder hits you but does no damage.
Grinder says, "My boss said I was rubbish.
His entrails said otherwise."
Grinder drinks a potion.
Grinder is healed!
Grinder looks more healthy.
Grinder gestures at you.
You suddenly lose the ability to move!
Your transformation has ended.
Your scarf of shadows unmelds from your body.
Your +0 robe unmelds from your body.
It gets dark.
Grinder hits you!
You die...

#############
#...........# ##
#.#########.#####.
#.# #....... #5#
#######. #@# #####
........# ......
######### .##### #
# # # # #


You could see Grinder.

Vanquished Creatures
  An adder (D:3)
  A worm (D:3)
  9 ball pythons
  11 endoplasms
  2 giant cockroaches
  5 goblins
  3 hobgoblins
  A jackal (D:2)
  2 kobolds (D:2)
  2 quokkas
  3 bats
  2 frilled lizards (D:2)
  10 rats
52 creatures vanquished.

Notes
Turn   | Place    | Note
-------+----------+-------------------------------------------
     0 | D:1      | multipassport the Djinni Transmuter began the quest for the
                  | Orb.
     0 | D:1      | Reached XP level 1. HP: 17/17 MP: 0/0
    42 | D:1      | Reached XP level 2. HP: 20/22 MP: 0/0
   650 | D:1      | Found a faded altar of an unknown god.
   815 | D:1      | Reached XP level 3. HP: 26/27 MP: 0/0
   815 | D:1      | Learned a level 1 spell: Foxfire
  2410 | D:2      | Reached XP level 4. HP: 26/32 MP: 0/0
  2527 | D:3      | Identified the +6 quarterstaff "Giyhiap" {vorpal, rPois rC-
                  | Str+4 Int+5}
  3004 | D:3      | Noticed Grinder
  3022 | D:3      | Paralysed by Grinder for 5 turns
  3024 | D:3      | Mangled by Grinder

Illustrated notes

Levels and vault maps discovered:
D:1:      amcnicky_arrival_gap_in_the_tavern_cellar, layout_loops_ring,
          ebering_ecumenical_altar_petrified
D:2:      minmay_chambers_of_twos, layout_loops_cross, minmay_misc_feat_rows
D:3:      layout_loops_ring, uniq_grinder

Skill      XL: |  1  2  3 |
---------------+----------+-----
Spellcasting   | 2 |  2.7
Fighting       | |  1.4
Dodging        | |  2.5
Unarmed Combat | |  3.4

Action                   |  1- 3 |  4- 6 || total
-------------------------+-------+-------++-------
Melee: Unarmed           |   136 |    31 ||   167
       Headbutt          |    17 |     2 ||    19
       Punch             |     1 |       ||     1
 Cast: Beastly Appendage |    19 |     3 ||    22
       Wereblood         |    14 |     2 ||    16
       Spider Form       |       |     3 ||     3
 Stab: Sleeping          |     1 |       ||     1
Armor: Robe              |    26 |       ||    26
       Skin              |       |     1 ||     1
Dodge: Dodged            |    96 |    13 ||   109
